Map: [ESL] Inside and Out

Players

Harstem

  • Race: Protoss Protoss
  • Spawn Location: 1:00

Lambo - Winner!

  • Race: Zerg Zerg
  • Spawn Location: 7:00

Event: DreamHack SC2 Masters 2022 Atlanta (Offline)

VOD

Have the link to the VOD?

Description

Time

  • Played on: Nov. 18, 2022, 8:24 p.m.
  • Length: 8:36

All games in this series

Show
View Real Time Build Order
Export as new Build Order

Harstem Protoss 

Build Orders: 1 Gate Expand, Oracle Opening, Zealot Archon 

Get SALT Encoding   

  12  0:00  Probe  
  13  0:12  Probe  
  14  0:19  Pylon  
  14  0:24  Probe  
  15  0:29  Assimilator  
  15  0:37  Probe (Chrono Boost)  
  16  0:46  Gateway, Probe (Chrono Boost)  
  17  0:51  Probe (Chrono Boost)  
  18  1:03  Probe  
  19  1:15  Probe  
  20  1:22  Nexus  
  20  1:32  Cybernetics Core  
  20  1:34  Probe  
  20  1:39  Assimilator  
  21  1:46  Probe  
  22  1:49  Pylon  
  22  1:58  Probe (Chrono Boost)  
  23  2:06  Adept (Chrono Boost)  
  24  2:09  Probe (Chrono Boost)  
  24  2:12  Stargate  
  24  2:14  Probe (Chrono Boost)  
  26  2:20  Warp Gate  
  27  2:25  Probe  
  27  2:29  Adept  
  30  2:35  Probe  
  30  2:37  Probe  
  32  2:42  Pylon  
  32  2:47  Probe  
  33  2:53  Oracle (Chrono Boost)  
  33  2:55  Probe  
  37  2:59  Probe  
  37  3:00  Adept  
  40  3:07  Probe  
  40  3:12  Probe, Gateway  
  42  3:19  Probe  
  43  3:26  Oracle (Chrono Boost)  
  43  3:27  Probe  
  43  3:31  Probe  
  48  3:40  Probe  
  49  3:43  Probe  
  50  3:49  Nexus  
  50  3:52  Probe, Pylon  
  50  3:55  Probe  
  52  4:02  Assimilator  
  52  4:04  Probe, Assimilator  
  52  4:08  Probe (Chrono Boost), Pylon  
  54  4:10  Pylon  
  54  4:16  Probe (Chrono Boost)  
  56  4:25  Probe (Chrono Boost)  
  56  4:26  Probe (Chrono Boost)  
  56  4:29  Twilight Council, Forge  
  56  4:31  Probe x2 (Chrono Boost)  
  57  4:32  Adept  
  57  4:34  Adept  
  63  4:39  Shield Battery  
  63  4:42  Probe (Chrono Boost)  
  63  4:44  Probe (Chrono Boost)  
  67  4:53  Probe (Chrono Boost)  
  67  4:54  Adept x2, Probe (Chrono Boost)  
  67  4:57  Protoss Ground Weapons Level 1  
  67  4:58  Probe (Chrono Boost)  
  71  5:00  Probe (Chrono Boost)  
  71  5:01  Gateway  
  71  5:02  Gateway  
  71  5:03  Probe (Chrono Boost)  
  74  5:09  Charge (Chrono Boost)  
  77  5:15  Probe (Chrono Boost)  
  77  5:16  Probe (Chrono Boost)  
  77  5:18  Probe (Chrono Boost)  
  77  5:21  Sentry, Probe (Chrono Boost)  
  79  5:23  Probe (Chrono Boost)  
  79  5:24  Probe (Chrono Boost)  
  82  5:29  Probe  
  82  5:34  Probe  
  84  5:36  Probe  
  84  5:37  Assimilator  
  84  5:39  Robotics Facility, Templar Archives  
  84  5:41  Probe, Assimilator  
  84  5:42  Pylon  
  86  5:45  Zealot  
  86  5:46  Probe  
  86  5:48  Probe  
  90  5:54  Probe  
  91  5:58  Probe, Pylon  
  91  6:00  Probe  
  91  6:02  Pylon  
  93  6:05  Phoenix (Chrono Boost)  
  93  6:06  Nexus, Probe  
  93  6:10  Probe  
  97  6:16  Probe  
  97  6:17  High Templar x4  
  97  6:18  Probe  
  104  6:22  Probe  
  104  6:23  Shield Battery, Archon x2  
  104  6:24  Pylon  
  105  6:27  Observer (Chrono Boost)  
  105  6:28  Probe  
  105  6:30  Probe  
  105  6:32  Psionic Storm  
  108  6:35  Gateway  
  108  6:37  Probe, Gateway  
  109  6:43  Immortal (Chrono Boost)  
  109  6:44  Probe, Gateway  
  114  6:54  Shield Battery  
  114  6:55  Probe  
  114  7:00  Probe  
  116  7:02  High Templar x2  
  116  7:04  Probe, Pylon  
  116  7:07  Shield Battery  
  121  7:09  Photon Cannon  
  121  7:10  Gateway  
  121  7:11  High Templar  
  121  7:13  Pylon  
  123  7:19  Zealot  
  123  7:20  Immortal (Chrono Boost)  
  129  7:25  Probe  
  129  7:28  Photon Cannon  
  129  7:29  Shield Battery, Photon Cannon  
  130  7:33  Sentry x2  
  130  7:39  Photon Cannon, Probe  
  130  7:41  Photon Cannon  
  130  7:43  Pylon  
  130  7:44  Zealot x2  
  137  7:48  Zealot x2, Sentry  
  142  7:55  Photon Cannon  
  142  7:56  Zealot x2  
  127  8:07  Zealot x3  
  127  8:10  Archon  
  127  8:11  Zealot x3  
  131  8:15  Probe, Pylon  
  131  8:17  Zealot x2  
  116  8:22  Probe  
  116  8:23  Probe  
  116  8:24  Gateway  
  110  8:29  Zealot  
  110  8:30  Gateway  
  110  8:32  Zealot x3, Photon Cannon  
Show
View Real Time Build Order
Export as new Build Order

Lambo Zerg - Winner!

Build Orders: Hatch First 

Get SALT Encoding   

  12  0:00  Drone  
  13  0:12  Overlord  
  13  0:16  Drone  
  14  0:30  Drone x2  
  16  0:48  Hatchery  
  15  0:50  Drone  
  15  0:54  Drone  
  17  0:58  Drone  
  18  1:08  Extractor  
  17  1:12  Spawning Pool  
  17  1:15  Drone  
  17  1:19  Drone  
  18  1:27  Drone  
  19  1:38  Drone  
  20  1:49  Drone  
  21  1:59  Queen x2  
  21  2:00  Zergling x2, Overlord  
  26  2:09  Metabolic Boost  
  26  2:11  Drone x2  
  28  2:21  Drone x2  
  30  2:32  Drone  
  30  2:34  Hatchery  
  30  2:39  Drone  
  30  2:42  Drone  
  30  2:44  Overlord  
  32  2:53  Zergling x2  
  32  2:55  Queen  
  32  2:56  Drone  
  36  3:03  Queen  
  36  3:04  Overlord  
  38  3:07  Zergling x4  
  38  3:08  Drone  
  41  3:16  Drone x2  
  41  3:17  Drone  
  44  3:30  Drone  
  44  3:31  Queen, Drone  
  48  3:34  Spore Crawler  
  48  3:38  Overlord  
  47  3:42  Drone x4  
  47  3:47  Drone x2  
  47  3:48  Queen  
  53  3:51  Queen  
  55  3:58  Spore Crawler, Drone x2  
  55  4:02  Drone  
  57  4:03  Drone x2  
  57  4:04  Drone  
  57  4:06  Drone  
  57  4:09  Extractor  
  60  4:11  Drone x3  
  63  4:18  Drone x3  
  63  4:21  Spore Crawler  
  63  4:23  Drone x2  
  68  4:32  Overlord  
  68  4:33  Roach Warren, Overlord  
  68  4:36  Overlord  
  68  4:37  Overlord  
  67  4:43  Extractor  
  67  4:44  Extractor  
  65  4:45  Drone  
  65  4:47  Lair  
  65  4:51  Zergling x4  
  65  4:52  Drone x5  
  72  4:57  Drone x2  
  72  4:59  Drone x3  
  77  5:00  Spore Crawler  
  77  5:02  Drone  
  77  5:06  Evolution Chamber  
  77  5:07  Zergling x4, Extractor  
  78  5:09  Queen  
  78  5:14  Zergling x4  
  78  5:16  Drone x3  
  78  5:18  Extractor  
  78  5:20  Drone  
  83  5:22  Extractor  
  83  5:26  Drone x2  
  84  5:34  Drone x6  
  89  5:36  Zerg Missile Weapons Level 1  
  89  5:40  Drone x2  
  91  5:45  Overlord  
  91  5:46  Overlord  
  91  5:47  Pneumatized Carapace  
  91  5:48  Hatchery  
  90  5:50  Glial Reconstitution  
  90  5:51  Drone  
  90  5:52  Overlord  
  90  5:55  Queen  
  93  6:00  Roach x2  
  93  6:02  Overlord  
  99  6:04  Roach x2  
  99  6:08  Roach x2  
  102  6:15  Drone x4  
  102  6:18  Roach x4  
  113  6:20  Overlord  
  111  6:27  Roach x4  
  111  6:31  Roach x3  
  125  6:33  Overlord  
  125  6:36  Overlord  
  125  6:42  Overlord  
  125  6:43  Roach x2  
  125  6:44  Overlord  
  129  6:48  Overlord  
  129  6:50  Queen  
  129  6:51  Overlord  
  131  6:57  Roach x4  
  139  7:04  Roach x4  
  147  7:11  Roach x5  
  147  7:14  Roach x2  
  161  7:21  Ravager x8  
  161  7:22  Queen  
  169  7:25  Roach  
  169  7:26  Roach x2  
  169  7:29  Ravager  
  178  7:31  Roach x2  
  180  7:40  Roach  
  180  7:41  Overlord  
  182  7:49  Overlord  
  179  7:54  Roach x3  
  178  8:01  Roach  
  178  8:02  Roach x7  
  188  8:09  Roach x6  
Tags
 
Add a new tag
Caveats
  • Supply blocks, unpowered buildings, or Contaminate may cause inaccurate times.
  • Supply counts are checked every 10 seconds.